 Dungeon Crawl Stone Soup version 0.28-a0-1143-gcf6077d4cc (webtiles) character file.

Game seed: 17113282745030530031

1 spaghetti the Sneak (level 1, -11/20 HPs)
             Began as a Djinni Delver on Dec 14, 2021.
             Mangled by an ogre (19 damage)
             ... on level 5 of the Dungeon.
             The game lasted 00:00:22 (190 turns).

spaghetti the Sneak (Djinni Delver)                  Turns: 190, Time: 00:00:23

Health: -11/20     AC:  3    Str: 11    XL:     1   Next: 22%
Gold:   8          EV: 12    Int: 11    God:
                   SH:  0    Dex: 14

rFire   + + .      SeeInvis .   a - +0 falchion {long}
rCold   x . .      Faith    .   (no shield)
rNeg    . . .      Spirit   .   b - +0 leather armour
rPois   ∞          Reflect  .   (no helmet)
rElec   .          Harm     .   (no cloak)
rCorr   .          Rampage  .   (no gloves)
Will    .....                   (boots unavailable)
Stlth   ++........              (no amulet)
HPRegen 0.06/turn               (no ring)
MPRegen 0.00/turn               (no ring)

@: flying
A: sickness immunity, fire resistance 2, cold vulnerability 1, float, innate
caster, hp casting, extra vitality 1
a: no special abilities


You were on level 5 of the Dungeon.
You visited 1 branch of the dungeon, and saw 1 of its levels.

You collected 8 gold pieces.


Innate Abilities, Weirdness & Mutations

You are immune to sickness and miasma.
You are immune to poison.
Your flesh is very heat resistant. (rF++)
You are vulnerable to cold. (rC-)
You float through the air rather than walking.
You learn spells naturally, not from books.
Your magical power is your life essence.
You have superior vitality. (+4 HP)


   Skills:
 - Level 3.0 Fighting
 - Level 1.7 Long Blades
 - Level 2.1 Dodging
 + Level 4.1 Stealth


You couldn't memorise any spells.
You didn't know any spells.
Your spell library was empty.

Inventory:

Hand Weapons
 a - a +0 falchion (weapon) {long}
Armour
 b - a +0 leather armour (worn)
Wands
 g - a wand of digging (3)
Scrolls
 c - a scroll of fog
 d - a scroll of magic mapping {!r}
 e - a scroll of fear
Potions
 f - a potion of haste {@q3}

Dungeon Overview and Level Annotations

Branches:
Dungeon (5/15)
 Temple: D:4-7

Altars:
Kikubaaqudgha

###########
#.....O@..#
#.
#.#######.#
#. #.# #.#
#. #.# #.#
#. #.# #.#
#. #.# #.# #
#. #.# #.#
#...##.###.#
#.#
...........#
#.#


You could see an ogre.


Message History

🤖 Initializing magus.rc ...
Options error: Delay interrupt name "hungry" not recognised. (~/.crawlrc:4771) ✅ Successfully initialized magus.rc [v1.9.6] Welcome, spaghetti the Djinni Delver.
Everyone else who sought the Orb of Zot has failed.
Will you be different?
Press ? for a list of commands and other information.
Found a stone staircase leading down.
Unknown command.
Unknown command.
Found a stone staircase leading up.
h - a grey potion It was a potion of heal wounds.
You feel much better.
You reach down and open the door.
There is an open door here.
You now have 8 gold pieces.
A quokka comes into view.
A quokka is nearby!
You hit the quokka.
The quokka bites you but does no damage.
The quokka barely misses you.
You hit the quokka.
You kill the quokka!
No target in view!
No target in view!
No target in view!
No target in view!
Found an ancient bone altar of Kikubaaqudgha.
Key pressed, stopping explore.
No target in view!
An ogre comes into view. It is wielding a +0 giant club.
The ogre shouts!
The ogre barely misses you.
You hit the ogre. The ogre barely misses you.
You hit the ogre. The ogre barely misses you.
You barely miss the ogre.
The ogre hits you with a +0 giant club! 😮 HP[-8]
You take 8 damage, and now have 12/20 hp.
MASSIVE DAMAGE!! (PAUSE)
Okay, then.
Okay, then.
You hit the ogre. The ogre barely misses you.
Unknown command.
You hit the ogre.
The ogre closely misses you. 😮 HP[+1] Unknown command.
Unknown command.
You slash the ogre! The ogre barely misses you.
You hit the ogre. The ogre hits you with a +0 giant club.
* * * LOW HITPOINT WARNING * * *
😨 HP[-5]
You take 5 damage, and now have 8/20 hp.
MASSIVE DAMAGE!! (PAUSE) Unknown command.
You barely miss the ogre.
The ogre hits you with a +0 giant club!!
Ouch! That really hurt!
You die...

Action                   || total
-------------------------++-------
Melee: Falchion          ||    10
  Use: Potion            ||     1
Armor: Leather armour    ||     1
Dodge: Dodged            ||     7

Levels and vault maps discovered:
D:5:      layout_basic, kiku_gazebo_garden_becter, uniq_crazy_yiuf_cottage,
          uniq_blork_the_orc, uniq_sigmund, uniq_edmund

Notes
Turn   | Place    | Note
-------+----------+-------------------------------------------
     0 | D:5      | spaghetti the Djinni Delver began the quest for the Orb.
     0 | D:5      | Reached XP level 1. HP: 20/20 MP: 0/0
     0 | D:5      | magus.rc [v1.9.6]
   164 | D:5      | Noticed an ogre
   190 | D:5      | Mangled by an ogre

Vanquished Creatures
  A quokka (D:5)
1 creature vanquished.

Table legend:
 A = Non-vault XP
 B = Vault XP
 C = Vault XP percentage of total XP
 D = Non-vault monster count
 E = Vault monster count
 F = Vault count percentage of total count
                 A         B        C        D         E       F
            +---------+---------+-------+---------+---------+-------
      Total |       2 |       0 |   0.0 |       1 |       0 |   0.0
            +---------+---------+-------+---------+---------+-------
        D:5 |       2 |       0 |   0.0 |       1 |       0 |   0.0
            +---------+---------+-------+---------+---------+-------

Illustrated notes

Table legend:
 A = Kills in this place as a percentage of kills in entire the game.
 B = Kills by you in this place as a percentage of kills by you in the entire game.
 C = Kills by friends in this place as a percentage of kills by friends in the entire game.
 D = Other kills in this place as a percentage of other kills in the entire game.
 E = Experience gained in this place as a percentage of experience gained in the entire game.
 F = Experience gained in this place divided by the number of levels of this place that you have seen.
                   A       B       C       D       E      F
               +-------+-------+-------+-------+-------+----------------------
         Total | 100.0 | 100.0 |   N/A |   N/A | 100.0 |   2.0
       Dungeon | 100.0 | 100.0 |   N/A |   N/A | 100.0 |   2.0
               +-------+-------+-------+-------+-------+----------------------

Table legend: (Time is in decaauts)
 A = Elapsed time spent in this place.
 B = Non-inter-level travel time spent in this place.
 C = Inter-level travel time spent in this place.
 D = Time resting spent in this place.
 E = Time spent auto-exploring this place.
 F = Levels seen in this place.
 G = Mean time per level.
                   A        B        C        D        E       F      G
               +--------+--------+--------+--------+--------+-----+--------+
         Total |    192 |    192 |      0 |      0 |    143 |   1 |  192.0 |
       Dungeon |    192 |    192 |      0 |      0 |    143 |   1 |  192.0 |
               +--------+--------+--------+--------+--------+-----+--------+

Top non-repeatable levels by time:
     D:5: 192 daAuts
